 Dungeon Crawl Stone Soup version 0.18.1-50-g88ac8fd (webtiles) character file.

36860 lorenzova the Eclecticist (level 13, -2/63 HPs)
             Began as a Deep Elf Conjurer on Oct 24, 2016.
             Was the Champion of Sif Muna.
             Killed from afar by an electric eel (15 damage)
             ... with a bolt of electricity
             ... on level 1 of the Lair of Beasts.
             The game lasted 01:12:04 (22445 turns).

lorenzova the Eclecticist (Deep Elf Conjurer)      Turns: 22445, Time: 01:12:05

Health: -2/63      AC: 13    Str:  5    XL:     13   Next: 55%
Magic:  50/50      EV: 12    Int: 26    God:    Sif Muna [******]
Gold:   745        SH:  0    Dex: 15    Spells: 9 memorised, 14 levels left

rFire  . . .     SeeInvis .     P - staff of power
rCold  . . .     Gourm    .     z - +2 leather armour {rPois}
rNeg   + . .     Faith    .     (no shield)
rPois  +         Spirit   .     w - +1 helmet
rElec  .         Dismiss  .     (no cloak)
rCorr  .         Reflect  .     K - +0 pair of gloves
SustAt .         Harm     .     (no boots)
MR     +....                    (no amulet)
Stlth  +.........               M - +4 ring of protection
                                r - ring of positive energy

@: repel missiles, somewhat resistant to hostile enchantments, very unstealthy
A: no striking features
a: Channel Energy, Forget Spell, Renounce Religion


You were on level 1 of the Lair of Beasts.
You worshipped Sif Muna.
Sif Muna was exalted by your worship.
You were not hungry.

You visited 3 branches of the dungeon, and saw 16 of its levels.

You collected 1091 gold pieces.
You spent 346 gold pieces at shops.

Inventory:

Hand Weapons
 A - the +8 spear "Zakkeste" {venom, rPois Int+3 SInv}
   (You found it on level 5 of the Dungeon)

   It poisons the flesh of those it strikes.
   It affects your intelligence (+3).
   It protects you from poison.
   It lets you see invisible.
Armour
 w - a +1 helmet (worn)
 y - a +1 leather armour of positive energy
 z - a +2 leather armour of poison resistance (worn)
 K - a +0 pair of gloves (worn)
 X - a +0 shield of cold resistance
Magical Staves
 a - an uncursed staff of air
 P - an uncursed staff of power (weapon)
Jewellery
 b - an uncursed ring of wizardry {unknown}
 r - a ring of positive energy (left hand)
 B - an uncursed ring of resist corrosion
 M - a +4 ring of protection (right hand)
Wands
 D - a wand of hasting (2/9)
 L - a wand of flame (16/48)
 N - a wand of enslavement (15/24)
 Y - a wand of polymorph (12/24)
Scrolls
 i - 6 scrolls of magic mapping {unknown}
 j - 5 scrolls of random uselessness {unknown}
 k - 2 scrolls of noise {unknown}
 l - 5 scrolls of remove curse
 n - a scroll of enchant armour {unknown}
 q - a scroll of blinking {unknown}
 s - 3 scrolls of recharging {unknown}
 u - 3 scrolls of enchant weapon {unknown}
 C - 2 scrolls of immolation {unknown}
 E - 2 scrolls of teleportation
 F - 3 scrolls of fear {unknown}
 I - a scroll of torment {unknown}
 J - 3 scrolls of vulnerability {unknown}
 Q - a scroll of summoning {unknown}
 R - a scroll of fog {unknown}
 W - 2 scrolls of brand weapon {unknown}
 Z - a scroll of identify
Potions
 d - 2 potions of haste
 e - 8 potions of curing
 f - 3 potions of lignification
 h - a potion of berserk rage
 o - a potion of mutation
 p - 3 potions of agility
 v - 2 potions of heal wounds
 x - 4 potions of flight
 G - a potion of resistance
 H - a potion of ambrosia {unknown}
 O - 2 potions of magic
 T - a potion of beneficial mutation {unknown}
 U - 4 potions of brilliance {unknown}
Books
 S - a book of the Sky

   Spells                             Type                      Level
   a - Summon Lightning Spire         Summoning/Air                4
   b - Airstrike                      Air                          4
   c - Silence                        Hexes/Air                    5
   d - Deflect Missiles               Charms/Air                   6
   e - Conjure Ball Lightning         Conjuration/Air              6
   f - Tornado                        Air                          9
Comestibles
 c - 9 bread rations
 g - 3 beef jerkies
 m - 4 slices of pizza
 t - 3 meat rations
 V - 15 royal jellies


   Skills:
 + Level 6.1 Armour
 - Level 2.4 Dodging
 - Level 2.4 Stealth
 + Level 16.2 Spellcasting
 + Level 14.5 Conjurations
 - Level 5.0 Hexes
 + Level 11.9 Charms
 - Level 5.0 Necromancy
 + Level 7.4 Air Magic


You had 14 spell levels left.
You knew the following spells:

 Your Spells              Type           Power        Failure   Level  Hunger
a - Magic Dart            Conj           ####         0%          1    None
b - Iskenderun's Battles  Conj/Chrm      ######..     1%          5    None
c - Iskenderun's Mystic   Conj           #######.     1%          4    None
d - Fulminant Prism       Conj/Hex       ######....   1%          4    None
e - Repel Missiles        Chrm/Air       ######       1%          2    None
f - Bolt of Draining      Conj/Necr      ######....   1%          5    None
h - Swiftness             Chrm/Air       ######..     1%          2    None
l - Lightning Bolt        Conj/Air       ######....   1%          5    None
q - Searing Ray           Conj           ######       0%          2    None


Dungeon Overview and Level Annotations

Branches:
Dungeon (14/15)            Temple (1/1) D:4            Lair (1/8) D:10
    Orc (0/2) D:9          Vaults (0/5) D:14

Altars:
Ashenzari
Cheibriados
Dithmenos
Elyvilon
Fedhas
Gozag
Kikubaaqudgha
Makhleb
Nemelex Xobeh
Okawaru
Pakellas
Qazlal
Ru
Sif Muna
Trog
Vehumet
Xom
Yredelemnul
The Shining One

Shops:
D:4 *   D:6 :%*   D:9 (


Message History

The electric eel shoots out a bolt of lightning at you!
The bolt of electricity hits the plant.
The bolt of electricity hits your battlesphere.
Your battlesphere completely resists.
The bolt of electricity misses you.
The electric eel shoots out a bolt of lightning at you!
The bolt of electricity hits the electric eel.
The electric eel completely resists.
The bolt of electricity hits the plant.
The bolt of electricity hits your battlesphere.
Your battlesphere completely resists.
The bolt of electricity hits you!
* * * LOW HITPOINT WARNING * * *
The electric eel shoots out a bolt of lightning at you!
The bolt of electricity hits your battlesphere.
Your battlesphere completely resists.
The bolt of electricity hits you!
* * * LOW HITPOINT WARNING * * *
The electric eel shoots out a bolt of lightning at you!
The bolt of electricity hits you!
You die...

.....######.......##
#...... .....##
##♣♣♣....# #......
......# ##≈♣≈♣♣...#
##+#### #######
#≈♣≈≈≈♣≈P## ..#
#####♣≈≈≈PP≈♣##
#+###.##≈≈≈≈≈≈≈≈≈.##
....#..≈♣≈≈♣P≈♣≈♣≈.#
.P#.#..♣♣≈≈P≈P≈≈≈≈P##
......≈♣≈≈≈≈≈≈≈♣@≈≈.#
#..#.P♣♣≈≈P≈≈≈P≈≈♣P.#
......≈♣P≈≈≈≈≈≈≈≈P♣.#
###.#.≈♣≈P≈≈≈≈≈≈≈♣♣≈#
....#P♣≈≈≈≈≈≈≈≈≈≈≈≈♣#
##.+#♣≈♣P≈≈≈≈≈≈≈≈≈♣≈#
†....≈♣≈≈≈≈≈≈≈≈≈P≈≈≈#
P###.♣♣≈ ≈≈≈≈≈≈;;♣P♣#
.# .P♣ ≈≈≈≈≈≈≈≈≈P♣♣


You could see 2 electric eels.

Vanquished Creatures
  A vault guard (D:14)
  The ghost of Thomus the Cleaver, a journeyman HOFi of Okawaru (D:10)
  A death knight (D:13)
  3 centaur warriors
  5 tengu warriors
  Sonja (D:13)
  A skeletal warrior (D:14)
  A hill giant (D:10)
  A phantasmal warrior (D:13)
  A deep elf mage (D:13)
  A wolf spider zombie (D:13)
  The ghost of olma the Quickloader, a novice MiHu of Trog (D:6)
  A wolf spider (D:14)
  A griffon (D:14)
  A manticore (D:13)
  5 ugly things
  2 cyclopes
  2 centaur zombies
  3 freezing wraiths
  A kobold demonologist (D:13)
  A komodo dragon (Lair:1)
  The ghost of baljet the Digger, a novice GrEE (D:5)
  A queen bee (Lair:1)
  2 trolls
  A boulder beetle (D:14)
  A hornet zombie (D:14)
  10 slime creatures (D:13)
  Sigmund (D:4)
  2 shadows (D:13)
  31 yaks
  A spriggan (D:14)
  A wraith (D:13)
  A fire elemental (D:13)
  A wyvern (D:14)
  Eustachio (D:6)
  3 hippogriffs
  3 hungry ghosts
  4 vampire mosquitoes (D:14)
  A mottled dragon (D:14)
  A soldier ant (D:14)
  A water moccasin (D:5)
  3 porcupines (Lair:1)
  3 ice beasts
  4 orc warriors
  7 sky beasts
  A black bear (D:6)
  An eye of draining (D:14)
  14 centaurs
  6 ogres
  4 phantoms
  3 crocodiles
  2 big kobolds
  Blork the orc (D:4)
  8 giant frogs
  3 scorpions
  57 killer bees
  3 howler monkeys
  5 crimson imps
  2 giant frog zombies
  5 hounds
  A quasit (D:9)
  4 centaur skeletons
  5 jellies
  7 orc priests
  2 giant frog skeletons
  3 iguanas
  21 orc wizards
  8 worker ants
  A killer bee zombie (D:10)
  A hound skeleton (D:9)
  A worker ant zombie (D:11)
  3 gnolls (D:6)
  10 adders
  17 river rats (Lair:1)
  A shadow imp (D:6)
  5 oozes
  2 adder zombies
  2 adder skeletons
  A worm (D:5)
  2 dart slugs
  8 giant geckos
  64 orcs
  9 bats
  4 giant cockroaches
  3 goblins
  6 hobgoblins
  19 jackals
  16 kobolds
  6 quokkas
  A ball python (D:3)
  3 giant newts
  A jackal skeleton (D:5)
  2 quokka zombies (D:6)
  5 rats
479 creatures vanquished.

Vanquished Creatures (others)
  A fulminant prism (D:11)
  A plant (Lair:1)
2 creatures vanquished.

Grand Total: 481 creatures vanquished

Notes
Turn   | Place    | Note
--------------------------------------------------------------
     0 | D:1      | lorenzova the Deep Elf Conjurer began the quest for the Orb.
     0 | D:1      | Reached XP level 1. HP: 10/10 MP: 6/6
   216 | D:1      | Reached XP level 2. HP: 12/15 MP: 3/8
   538 | D:1      | Found a sparkling altar of Nemelex Xobeh.
  1108 | D:2      | Reached skill level 4 in Spellcasting
  1211 | D:2      | Found a sacrificial altar of Ru.
  1211 | D:2      | Found a white marble altar of Elyvilon.
  1211 | D:2      | Found a shattered altar of Ashenzari.
  1254 | D:2      | Reached XP level 3. HP: 19/19 MP: 8/10
  1411 | D:2      | Reached skill level 5 in Conjurations
  2070 | D:3      | Reached skill level 5 in Spellcasting
  2070 | D:3      | Reached XP level 4. HP: 24/24 MP: 4/13
  2132 | D:3      | Learned a level 4 spell: Iskenderun's Mystic Blast
  2143 | D:3      | Learned a level 2 spell: Searing Ray
  2256 | D:3      | Noticed Sigmund
  2351 | D:3      | Reached XP level 5. HP: 28/28 MP: 4/14
  3107 | D:4      | Noticed Blork the orc
  3114 | D:4      | Killed Blork the orc
  3114 | D:4      | Reached skill level 6 in Spellcasting
  3186 | D:4      | Noticed an ogre
  3193 | D:4      | Killed an ogre
  3193 | D:4      | Reached XP level 6. HP: 32/32 MP: 9/17
  3244 | D:4      | Found a staircase to the Ecumenical Temple.
  3253 | Temple   | Entered the Ecumenical Temple
  3267 | Temple   | Became a worshipper of Sif Muna the Loreminder
  3505 | D:4      | Reached skill level 7 in Spellcasting
  3690 | D:4      | Found Ziuxzal's General Store.
  3736 | D:4      | Bought a potion of curing for 42 gold pieces
  3886 | D:4      | Killed Sigmund
  3886 | D:4      | Reached * piety under Sif Muna
  3886 | D:4      | Reached XP level 7. HP: 27/36 MP: 6/20
  4574 | D:5      | Entered Level 5 of the Dungeon
  4576 | D:5      | Reached skill level 8 in Spellcasting
  4926 | D:5      | Got a steaming spear
  4927 | D:5      | Identified the +8 spear "Zakkeste" {venom, rPois Int+3 SInv} (You found it on level 5 of the Dungeon)
  4980 | D:5      | Noticed baljet's ghost (novice GrEE)
  5129 | D:5      | Reached skill level 9 in Spellcasting
  5129 | D:5      | Reached XP level 8. HP: 41/41 MP: 10/23
  5257 | D:5      | Reached ** piety under Sif Muna
  5814 | D:5      | Killed baljet's ghost
  5814 | D:5      | Reached skill level 10 in Spellcasting
  5895 | D:6      | Noticed olma's ghost (novice MiHu)
  5899 | D:6      | Killed olma's ghost
  5899 | D:6      | Reached *** piety under Sif Muna
  6002 | D:6      | Noticed Eustachio
  6034 | D:5      | Reached skill level 10 in Conjurations
  6167 | D:6      | Reached skill level 11 in Spellcasting
  6173 | D:6      | Reached XP level 9. HP: 45/45 MP: 13/26
  6444 | D:6      | Found Zemu's Assorted Antiques.
  6515 | D:6      | Bought a scratched iron ring for 150 gold pieces
  6778 | D:6      | Learned a level 5 spell: Iskenderun's Battlesphere
  6894 | D:6      | Found Oskeirit's Food Emporium.
  6924 | D:6      | Found Tuacaira's Book Shop.
  6936 | D:6      | Killed Eustachio
  6936 | D:6      | Reached **** piety under Sif Muna
  7278 | D:6      | Found a deep blue altar of Sif Muna.
  7730 | D:7      | Reached skill level 12 in Spellcasting
  8376 | D:7      | Reached ***** piety under Sif Muna
  8621 | D:7      | Reached skill level 13 in Spellcasting
  8882 | D:7      | Learned a level 4 spell: Fulminant Prism
  9077 | D:8      | Reached skill level 1 in Charms
  9077 | D:8      | Reached XP level 10. HP: 50/50 MP: 21/29
  9132 | D:8      | Reached skill level 1 in Hexes
 10101 | D:9      | Found Zyhumiceseg's Weapon Shoppe.
 10600 | D:8      | Reached ****** piety under Sif Muna
 10684 | D:9      | Received a gift from Sif Muna
 10690 | D:9      | Identified Iraylauf's Volume of Floating Arcane Weapons (Sif Muna gifted it to you on level 9 of the Dungeon)
 10694 | D:9      | Learned a level 2 spell: Repel Missiles
 11256 | D:8      | Reached skill level 5 in Charms
 11351 | D:9      | Found a staircase to the Orcish Mines.
 11352 | D:9      | Reached skill level 1 in Air Magic
 11537 | D:4      | Bought a scroll of teleportation for 42 gold pieces
 11537 | D:4      | Bought a potion of magic for 112 gold pieces
 11754 | D:10     | Entered Level 10 of the Dungeon
 11784 | D:10     | Reached skill level 5 in Hexes
 11971 | D:10     | Noticed Thomus's ghost (journeyman HOFi)
 11976 | D:10     | Killed Thomus's ghost
 11976 | D:10     | Reached skill level 1 in Armour
 12142 | D:10     | Reached XP level 11. HP: 54/54 MP: 15/30
 12324 | D:10     | Reached skill level 14 in Spellcasting
 12706 | D:10     | Found a staircase to the Lair.
 12919 | D:10     | Noticed a hill giant
 12924 | D:10     | Killed a hill giant
 13264 | D:11     | Noticed a red ugly thing
 13270 | D:10     | HP: 1/54 [red ugly thing (18)]
 13271 | D:10     | Killed a red ugly thing
 13576 | Lair:1   | Entered Level 1 of the Lair of Beasts
 14481 | D:11     | You fall through a shaft for 3 floors!
 14524 | D:14     | Learned a level 5 spell: Bolt of Draining
 14537 | D:14     | Received a gift from Sif Muna
 14538 | D:14     | Identified Sif Muna's Catalogue of Stolen Souls and the Oath (Sif Muna gifted it to you on level 14 of the Dungeon)
 14720 | D:14     | Reached skill level 1 in Necromancy
 15279 | D:13     | Noticed a tengu warrior
 15853 | D:13     | Noticed Sonja
 15854 | D:13     | Killed Sonja
 15860 | D:13     | Noticed a death knight
 15869 | D:13     | Noticed a deep elf mage
 15873 | D:13     | Killed a death knight
 15879 | D:13     | Noticed a phantasmal warrior
 15897 | D:13     | Noticed a soul eater
 16072 | D:13     | Noticed a tengu warrior
 16079 | D:13     | Killed a tengu warrior
 16079 | D:13     | Reached XP level 12. HP: 59/59 MP: 25/32
 16084 | D:13     | Killed a tengu warrior
 16746 | D:14     | Reached skill level 5 in Air Magic
 17036 | D:14     | Received a gift from Sif Muna
 17036 | D:14     | Reached skill level 15 in Spellcasting
 17037 | D:14     | Identified Qoetitt's Disquisition on Creative Air (Sif Muna gifted it to you on level 14 of the Dungeon)
 17051 | D:14     | Learned a level 2 spell: Swiftness
 17057 | D:14     | Learned a level 5 spell: Lightning Bolt
 17226 | D:14     | Noticed a centaur warrior
 17246 | D:14     | Noticed a tengu warrior
 17251 | D:14     | Noticed a tengu warrior
 17256 | D:14     | Killed a tengu warrior
 17257 | D:14     | Killed a tengu warrior
 17302 | D:14     | Reached skill level 5 in Necromancy
 17561 | D:14     | Reached skill level 10 in Charms
 17739 | D:14     | Noticed a vault guard
 17767 | D:14     | Noticed a satyr
 17777 | D:14     | Found a gate to the Vaults.
 17804 | D:14     | Killed a centaur warrior
 18044 | D:14     | Killed a vault guard
 18427 | D:14     | Found an iron altar of Okawaru.
 18513 | D:14     | Reached skill level 5 in Armour
 19048 | D:14     | Noticed a tengu warrior
 19052 | D:14     | Killed a tengu warrior
 19052 | D:14     | Reached XP level 13. HP: 63/63 MP: 11/34
 19274 | D:14     | Received a gift from Sif Muna
 20397 | D:13     | Noticed a stone giant
 20565 | D:12     | Reached skill level 16 in Spellcasting
 20995 | D:11     | Found a runed door.
 21055 | D:11     | Noticed a crystal guardian
 22445 | Lair:1   | Killed from afar by an electric eel

Skill      XL: |  1  2  3  4  5  6  7  8  9 10 11 12 13 |
---------------+----------------------------------------+-----
Spellcasting   | 4 5 6 7 9 11 13 14 15 16 | 16.2
Conjurations   | 5 6 7 8 10 11 12 13 14 | 14.5
Charms         | 1 6 9 10 11 | 11.9
Hexes          | 5 |  5.0
Air Magic      | 2 4 6 7 |  7.4
Armour         | 1 3 5 6 |  6.1
Necromancy     | 3 5 |  5.0
Dodging        | |  2.4
Stealth        | |  2.4

Action                   |  1- 3 |  4- 6 |  7- 9 | 10-12 | 13-15 || total
-------------------------+-------+-------+-------+-------+-------++-------
Melee: Unarmed           |     4 |       |       |       |       ||     4
       Short sword       |     3 |       |       |       |       ||     3
       Spear             |       |       |     7 |    30 |    33 ||    70
       Staff             |       |       |       |     2 |     3 ||     5
 Cast: Magic Dart        |    84 |    92 |   214 |   338 |   134 ||   862
       Searing Ray       |       |     6 |     9 |     7 |       ||    22
       Iskenderun's Myst |       |     3 |    21 |    87 |    25 ||   136
       Iskenderun's Batt |       |       |    15 |    99 |    35 ||   149
       Repel Missiles    |       |       |       |     2 |     1 ||     3
       Bolt of Draining  |       |       |       |     8 |       ||     8
       Fulminant Prism   |       |       |       |     1 |       ||     1
       Lightning Bolt    |       |       |       |    16 |    15 ||    31
       Swiftness         |       |       |       |     2 |     3 ||     5
  Use: Scroll            |       |     6 |     2 |     8 |     1 ||    17
       Potion            |       |       |       |     1 |       ||     1
 Stab: Sleeping          |     1 |       |       |     1 |       ||     2
       Invisible         |       |       |       |     1 |       ||     1
  Eat: Chunk             |     3 |     5 |    18 |    19 |    11 ||    56
       Royal jelly       |       |       |       |     1 |       ||     1
       Fruit             |       |       |       |     3 |     2 ||     5
       Meat ration       |       |       |       |     1 |       ||     1
       Bread ration      |       |       |       |     1 |       ||     1
Armor: Robe              |     2 |     1 |       |       |       ||     3
       Leather armour    |       |       |    15 |    47 |    28 ||    90
Dodge: Dodged            |    10 |     7 |    23 |    74 |    56 ||   170
       Deflected         |       |       |       |    10 |     3 ||    13
